 Dungeon Sprint DCSS version 0.15.2 (webtiles) character file.

901 MordorOrchid the Hoplite (level 8, -10/82 HPs)
             Began as an Octopode Fire Elementalist on June 5, 2021.
             Was an Elder of Sif Muna.
             Mangled by a grey draconian
             ... wielding a +0 morningstar
              (31 damage)
             ... in the Dungeon (Sprint V: "Ziggurat Sprint").
             The game lasted 00:02:40 (72 turns).

MordorOrchid the Hoplite (Octopode Fire Elementalist) Turns: 72, Time: 00:02:40

HP -10/82        AC  1     Str 28      XL: 8   Next:  7%
MP   6/22        EV 17     Int 31      God: Sif Muna [****..]
Gold 0           SH 32     Dex 29      Spells:  1 memorised, 19 levels left

rFire  . . .     SeeInvis +     w - +14 obsidian axe {chop, +Fly Str+3 SInv Curse}
rCold  . . .     Clarity  .     x - +18 shield of the gong {rElec rN+ MR+ EV-5}
rNeg   + . .     rCorr    .     (helmet restricted)
rPois  .         rRot     .     (no amulet)
rElec  +         Spirit   .     n - +6 ring of dexterity
SustAb .         Warding  .     o - +6 ring of dexterity
rMut   .         NoTele   +     p - +6 ring of intelligence
Gourm  .                        q - +6 ring of intelligence
MR     +....                    r - +6 ring of strength
                                s - +6 ring of strength
                                (no ring)
                                (no ring)

@: mighty, agile, berserking, mesmerised, very slightly contaminated, hasted,
invisible, very quick, somewhat resistant to hostile enchantments, extremely
unstealthy
A: almost no armour, amphibious, 8 rings, constrict 8, camouflage 1, gelatinous
body 1
a: Channel Energy, Forget Spell, Renounce Religion, Evoke Flight


You were in the Dungeon.
You worshipped Sif Muna.
Sif Muna was greatly pleased with you.
You were not hungry.

You visited 1 branch

Inventory:

Hand weapons
 w - the cursed +14 obsidian axe (weapon) {chop, +Fly Str+3 SInv Curse}
   (You found it in the Dungeon)

   It inflicts extra damage upon your enemies.
   It affects your strength (+3).
   It enhances your eyesight.
   It lets you fly.
   It may recurse itself when equipped.
   It has a curse placed upon it.
Missiles
 L - 1000 arrows
Armour
 x - the +18 shield of the gong (worn) {rElec rN+ MR+ EV-5}
   (You found it in the Dungeon)

   It affects your evasion (-5).
   It insulates you from electricity.
   It protects you from negative energy.
   It affects your resistance to hostile enchantments.
Magical devices
 a - a wand of disintegration (7)
 j - a wand of fire (5)
 k - a wand of cold (5)
 l - a wand of draining (5)
Comestibles
 c - 5 bread rations
 z - 42 fruits
 A - 4 meat rations
Scrolls
 i - 4 scrolls of blinking
 y - 4 scrolls of amnesia
 B - 3 scrolls of recharging
 C - 7 scrolls of fog
 D - a scroll of holy word
 E - 5 scrolls of identify
 F - 5 scrolls of remove curse
 G - 2 scrolls of fear
Jewellery
 n - a +6 ring of dexterity (left tentacle)
 o - a +6 ring of dexterity (right tentacle)
 p - a +6 ring of intelligence (on tentacle)
 q - a +6 ring of intelligence (on tentacle)
 r - a +6 ring of strength (on tentacle)
 s - a +6 ring of strength (on tentacle)
Potions
 d - 10 potions of curing
 e - 10 potions of heal wounds
 f - 5 potions of haste
 g - 7 potions of magic
 h - 2 potions of berserk rage
 H - 2 potions of brilliance
 I - a potion of invisibility
 J - 2 potions of restore abilities
 K - 4 potions of resistance
 M - 4 potions of agility
 N - 4 potions of might
Books
 b - a book of Flames

   Spells                             Type                      Level
   *Flame Tongue                      Conjuration/Fire             1
   Throw Flame                        Conjuration/Fire             2
   Conjure Flame                      Conjuration/Fire             3
   Inner Flame                        Hexes/Fire                   3
   Sticky Flame                       Conjuration/Fire             4
   Fireball                           Conjuration/Fire             5
 t - a tome of Destruction
 u - a tome of Destruction
Magical staves
 m - an uncursed staff of energy
Miscellaneous
 v - a disc of storms


   Skills:
 * Level 5.0 Fighting
 * Level 5.7 Dodging
 - Level 2.6 Stealth
 * Level 9.0 Shields
 * Level 6.5 Spellcasting
 * Level 5.6 Conjurations
 + Level 8.2 Fire Magic
 * Level 6.0 Evocations


You had 19 spell levels left.
You knew the following spells:

 Your Spells              Type           Power        Failure   Level  Hunger
a - Flame Tongue          Conj/Fire      #####        1%          1    None


Dungeon Overview and Level Annotations

Branches:
Dungeon (1/1)

Altars:
Ashenzari
Cheibriados
Dithmenos
Elyvilon
Fedhas
Kikubaaqudgha
Makhleb
Nemelex Xobeh
Okawaru
Qazlal
Sif Muna
Trog
Vehumet
Xom
Yredelemnul
Zin
The Shining One
Beogh
Jiyva
Lugonu


Innate Abilities, Weirdness & Mutations

You cannot wear most types of armour.
You are amphibious.
You can wear up to eight rings at the same time.
You can use your tentacles to constrict many enemies at once.
Your skin changes colour to match your surroundings (Stealth).
Your rubbery body absorbs attacks (AC +1).


Message History

You feel clever.
You have reached level 7!
You have reached level 8!
You barely miss the grey draconian.
The grey draconian is heavily wounded.
Your sixfirhy hits the grey draconian but does no damage.
Your sixfirhy hits the grey draconian!
Your sixfirhy shocks the grey draconian!
The grey draconian completely misses your sixfirhy.
The grey draconian tail-slaps your sixfirhy but does no damage.
Your sixfirhy hits the grey draconian but does no damage.
You barely miss the grey draconian. You grab the grey draconian.
You squeeze the grey draconian.
The grey draconian is heavily wounded.
You constrict the grey draconian, but do no damage.
Your sixfirhy hits the grey draconian but does no damage. x2
Your sixfirhy hits the grey draconian.
Your sixfirhy shocks the grey draconian!
The grey draconian hits you with a morningstar!!
You die...

▓▓▓▓▓▓▓
▓.8©8.▓
▓.....▓
▓.)4d.▓
▓..@..▓
▓.....▓
▓.....▓
▓▓▓▓▓▓▓


You could see a grey draconian and a friendly sixfirhy.

Vanquished Creatures
  A pale draconian (D)
1 creature vanquished.

Notes
Turn   | Place    | Note
--------------------------------------------------------------
     0 | D        | MordorOrchid, the Octopode Fire Elementalist, began the quest for the Orb.
     0 | D        | Reached XP level 1. HP: 11/11 MP: 3/3
     0 | D        | Found a roughly hewn altar of Beogh.
     0 | D        | Found a corrupted altar of Lugonu.
     1 | D        | Found a white marble altar of Elyvilon.
     2 | D        | Found a sparkling altar of Nemelex Xobeh.
     2 | D        | Found a burning altar of Makhleb.
     2 | D        | Found a deep blue altar of Sif Muna.
     3 | D        | Found a bloodstained altar of Trog.
     7 | D        | Found an iron altar of Okawaru.
    19 | D        | Found a radiant altar of Vehumet.
    28 | D        | Found an ancient bone altar of Kikubaaqudgha.
    28 | D        | Found a basalt altar of Yredelemnul.
    29 | D        | Found a shimmering altar of Xom.
    43 | D        | Became a worshipper of Sif Muna the Loreminder
    49 | D        | Reached skill level 7 in Shields
    49 | D        | Reached XP level 2. HP: 17/17 MP: 4/4
    63 | D        | Entered arena 1.
    63 | D        | Noticed a pale draconian
    63 | D        | Noticed a grey draconian
    71 | D        | Killed a pale draconian
    71 | D        | Acquired Sif Muna's first power
    71 | D        | Acquired Sif Muna's second power
    71 | D        | Acquired Sif Muna's third power
    71 | D        | Reached skill level 5 in Fighting
    71 | D        | Reached skill level 5 in Dodging
    71 | D        | Reached skill level 9 in Shields
    71 | D        | Reached skill level 5 in Conjurations
    71 | D        | Reached XP level 3. HP: 13/29 MP: 5/13
    71 | D        | Reached XP level 4. HP: 15/35 MP: 5/15
    71 | D        | Reached XP level 5. HP: 16/39 MP: 6/18
    71 | D        | Reached XP level 6. HP: 18/45 MP: 6/19
    71 | D        | Reached XP level 7. HP: 20/50 MP: 6/20
    71 | D        | Reached XP level 8. HP: 21/55 MP: 6/22
    72 | D        | Mangled by a grey draconian

Action                   |  1- 3 |  4- 6 |  7- 9 || total
-------------------------+-------+-------+-------++-------
Melee: Broad axe         |     5 |       |     1 ||     6
  Use: Potion            |     6 |       |       ||     6
 Stab: Invisible         |     3 |       |       ||     3
       Sleeping          |     2 |       |       ||     2
